AoeStats
← JellyGolem

Arabia

504912388Analyzed
3v3 RM · 27d ago on Sep 7, 2026· 62m 35s· 6 players
Game mode
Random Map
Map size
Normal (6 player)
Population
200
Speed
Normal
Resources
Standard
Victory
Conquest
Starting age
Dark Age
Ending age
Imperial Age
RankedLock teamsTeams togetherTeam positionsShared explorationLock speedFull tech treeHidden civsTurbo modeCheats
Victory
Defeat
🇺🇸 Khmer · United States
994
+38
🇺🇸 Vietnamese · United States
953
+15
🇺🇸 Aztecs · United States
933
+17
🇦🇷 Franks · Argentina
1037
-37
🇦🇷 Slavs · Argentina
937
-24
🇦🇷 Britons · Argentina
783
-9
GonzaCerbelli
5:23 Loom
10:53 Feudal Age
11:19 Double-Bit Axe
11:22 Horse Collar
24:47 Wheelbarrow
24:33 Gold Mining
25:45 Scale Mail Armor
25:46 Padded Archer Armor
28:20 Castle Age
26:28 Fletching
29:29 Bow Saw
29:24 Heavy Plow
28:46 Pikeman
30:40 Squires
32:53 Gold Shaft Mining
33:58 Bodkin Arrow
34:22 Chain Mail Armor
37:53 Ballistics
37:46 Masonry
41:45 Imperial Age
41:59 Bodkin Arrow
43:04 Ballistics
nicolas.donda
3:11 Loom
10:18 Feudal Age
12:18 Forging
17:13 Wheelbarrow
22:12 Castle Age
23:15 Husbandry
23:11 Gold Mining
23:25 Double-Bit Axe
24:15 Scale Barding Armor
25:32 Light Cavalry
26:57 Gold Shaft Mining
43:13 Imperial Age
41:00 Hand Cart
41:03 Caravan
43:26 Cavalier
44:29 Chain Barding Armor
44:46 Iron Casting
47:31 Paladin
51:52 Plate Barding Armor
52:28 Blast Furnace
52:07 Pikeman
52:47 Squires
57:03 #83
56:37 Halberdier
Intrek
15:21 Feudal Age
22:12 Castle Age
22:16 Crossbowman
24:34 Gold Mining
25:04 Forging
25:03 Padded Archer Armor
24:55 Fletching
25:08 Scale Mail Armor
25:14 Scale Barding Armor
26:38 Ballistics
29:25 Iron Casting
28:45 Bodkin Arrow
29:18 Chain Mail Armor
29:18 Leather Archer Armor
35:41 Imperial Age
33:20 Loom
33:24 Town Watch
36:03 Arbalester
38:46 Wheelbarrow
38:12 Town Patrol
43:31 Blast Furnace
42:31 Bracer
43:01 Ring Archer Armor
43:02 Plate Mail Armor
43:55 Chemistry
43:37 Hand Cart
48:20 Elite Longbowman
50:28 Chain Barding Armor
52:44 Yeomen
JellyGolem
4:51 Loom
10:48 Feudal Age
11:28 Horse Collar
11:37 Double-Bit Axe
15:12 Scale Mail Armor
16:51 Wheelbarrow
17:14 Forging
17:43 Arson
24:12 Castle Age
23:32 Fletching
25:17 Bow Saw
26:40 Hand Cart
27:04 Pikeman
27:46 Squires
28:23 Heavy Plow
28:39 Gambesons
30:01 Gold Mining
30:02 Stone Mining
33:53 Stone Shaft Mining
33:54 Gold Shaft Mining
33:44 Chain Mail Armor
34:04 Iron Casting
33:43 Town Watch
35:17 Ballistics
34:37 Treadmill Crane
34:54 Murder Holes
35:04 Bodkin Arrow
39:18 Imperial Age
38:36 Eagle Warrior
41:02 Chemistry
40:24 Conscription
40:42 Town Patrol
46:09 Onager
47:43 Siege Engineers
47:34 Elite Eagle Warrior
50:52 Bracer
51:53 Blast Furnace
51:23 Plate Mail Armor
51:31 Crop Rotation
52:01 Siege Onager
NMF
12:01 Feudal Age
12:31 Loom
13:22 Wheelbarrow
12:32 Town Watch
12:40 Double-Bit Axe
12:37 Horse Collar
12:59 Gold Mining
18:20 Forging
20:59 Castle Age
19:35 Stone Mining
19:57 Scale Barding Armor
23:37 Bow Saw
25:18 Hand Cart
30:01 Stone Shaft Mining
29:52 Chain Barding Armor
30:08 Iron Casting
29:27 Fletching
31:08 Pikeman
32:16 Scale Mail Armor
32:54 Husbandry
33:07 Bloodlines
47:33 Gold Shaft Mining
47:13 Tusk Swords
49:17 Arson
53:55 Imperial Age
52:18 Chain Mail Armor
55:47 Elite Ballista Elephant
56:30 Double Crossbow
61:37 Elite Battle Elephant
63:18 Hoardings
63:06 Conscription
63:01 Murder Holes
mmill105
13:42 Feudal Age
18:44 Horse Collar
20:06 Loom
21:43 Double-Bit Axe
26:03 Wheelbarrow
25:28 Gold Mining
27:08 Stone Mining
37:25 Castle Age
35:45 Man-at-Arms
44:17 Bow Saw
53:02 Hand Cart
53:12 Town Watch
53:42 Light Cavalry
54:33 Bloodlines
55:29 Murder Holes
55:56 Ballistics
55:40 Husbandry
56:48 Fishing Lines
63:30 Imperial Age
62:43 Town Patrol
Connection lost

Rejoining the realm…

Still unreachable

The connection could not be restored.

Session expired

The server has moved on; the page needs a fresh start.